 Dungeon Crawl Stone Soup version 0.29-a0-1043-g569b05d6ff (webtiles) character file.

Game seed: 1083547725858985718

182 ragingrage the Slasher (level 5, 0/38 HPs)
             Began as a Merfolk Gladiator on Aug 16, 2022.
             Slain by a gnoll
             ... wielding a +0 whip
             ... led by a gnoll bouda
              (2 damage)
             ... on level 4 of the Dungeon.
             The game lasted 00:03:23 (3492 turns).

ragingrage the Slasher (Merfolk Gladiator)          Turns: 3492, Time: 00:03:23

Health: 0/38       AC:  6    Str: 14    XL:     5   Next: 61%
Magic:  0/5        EV: 17    Int:  7    God:
Gold:   184        SH:  0    Dex: 18    Spells: 4/4 levels left

rFire   . . .      SeeInvis .   a - +0 long sword
rCold   . . .      Faith    .   (no shield)
rNeg    . . .      Spirit   +   b - +0 leather armour
rPois   .          Reflect  .   c - +0 helmet
rElec   .          Harm     .   (no cloak)
rCorr   .          Rampage  .   k - +0 pair of gloves
Will    .....                   y - +0 pair of boots
Stlth   +.........              g - amulet of guardian spirit
HPRegen 0.12/turn               f - +4 ring of evasion
MPRegen 0.09/turn               (no ring)

@: no status effects
A: (nimble swimmer 2), mertail
a: no special abilities


You were on level 4 of the Dungeon.
You visited 1 branch of the dungeon, and saw 4 of its levels.

You collected 310 gold pieces.
You spent 126 gold pieces at shops.

Inventory:

Hand Weapons
 a - a +0 long sword (weapon)
 A - a +3 dagger
Missiles
 d - 3 throwing nets
 e - 7 javelins (quivered)
 i - 13 poisoned darts
 x - 5 boomerangs
Armour
 b - a +0 leather armour (worn)
 c - a +0 helmet (worn)
 k - a +0 pair of gloves (worn)
 y - a +0 pair of boots (worn)
Jewellery
 f - a +4 ring of evasion (left hand)
 g - an amulet of guardian spirit (around neck)
Scrolls
 h - a scroll of summoning {unknown}
 j - 2 scrolls of teleportation {unknown}
 l - 3 scrolls of blinking
 p - a scroll of poison {unknown}
 r - 2 scrolls of identify
 s - 2 scrolls of enchant weapon {unknown}
 v - 3 scrolls of fear
 w - a scroll of amnesia {unknown}
 B - 2 scrolls of noise {unknown}
Potions
 n - 4 potions of curing
 o - a potion of resistance {unknown}
 q - a potion of flight {unknown}
 t - a potion of berserk rage {unknown}
 u - a potion of lignification {unknown}
 z - a potion of might {unknown}
 C - a potion of attraction {unknown}


   Skills:
 - Level 2.1 Fighting
 + Level 7.4 Long Blades
 - Level 2.0 Throwing
 - Level 4.0 Dodging


You had 4 spell levels left.
You didn't know any spells.
Your spell library contained the following spells:

 Spells                   Type           Power      Damage    Failure   Level
 Ignite Poison            Fire/Tmut/Pois 0%         N/A       87%         3
 Mephitic Cloud           Conj/Pois/Air  0%         N/A       87%         3
 Freezing Cloud           Conj/Ice/Air   0%         6-21      100%        5


Dungeon Overview and Level Annotations

Branches:
Dungeon (4/15)
 Temple: D:4-7

Altars:
Ashenzari
Fedhas
Trog
Vehumet
Xom

Shops:
D:1 *   D:2 ?


Innate Abilities, Weirdness & Mutations

((You are very nimble when in or above water. (Stealth+, EV+, Speed+++)))
Your lower body shifts to a powerful aquatic tail in water.


Message History

The gnoll is no longer moving quickly. x2
The gnoll hits you with a +0 whip. The gnoll attacks as you move away!
The gnoll hits you with a +0 club. The gnoll attacks as you move away!
The gnoll completely misses you.
The gnoll is no longer moving quickly.
The gnoll barely misses you. The gnoll attacks as you move away!
The gnoll closely misses you.
The gnoll bouda barks out a call to the hunt!
The gnolls pick up the pace!
The gnoll attacks as you move away! The gnoll hits you with a +0 club.
The gnoll closely misses you.
There is an open door here.
The gnoll attacks as you move away! The gnoll hits you but does no damage.
The gnoll attacks as you move away! The gnoll closely misses you.
The gnoll completely misses you. The gnoll attacks as you move away!
The gnoll hits you but does no damage. The gnoll attacks as you move away!
The gnoll hits you with a +0 whip.
* * * LOW HITPOINT WARNING * * *
The gnoll attacks as you move away! The gnoll closely misses you.
The gnoll misses you. The gnoll closely misses you.
The gnoll attacks as you move away! The gnoll hits you with a +0 whip.
* * * LOW HITPOINT WARNING * * *
The gnoll attacks as you move away! The gnoll completely misses you.
The gnoll is no longer moving quickly.
The gnoll attacks as you move away! The gnoll hits you with a +0 whip.
* * * LOW HITPOINT WARNING * * *
The gnoll attacks as you move away! The gnoll hits you with a +0 whip.
* * * LOW HITPOINT WARNING * * *
The gnoll attacks as you move away! The gnoll hits you with a +0 club.
* * * LOW HITPOINT WARNING * * *
The gnoll bouda barks out a call to the hunt!
The gnoll picks up the pace!
The gnoll barely misses you. The gnoll attacks as you move away!
The gnoll closely misses you.
The gnoll is no longer moving quickly.
The gnoll hits you but does no damage. The gnoll attacks as you move away!
The gnoll hits you but does no damage. The gnoll attacks as you move away!
The gnoll hits you but does no damage.
The gnoll is no longer moving quickly. x2
It was a potion of cancellation.
You feel magically purged. The gnoll hits you with a +0 whip.
You die...

..#........#########.......#
######'###.................#
#.......#.................#
#.......#.................#
#.......#.................#
#########.................######
####......#########'#######...#.
#..#......#.....g.............#.
#..#......'...<@g.....g.......#.
#..#......#.....g....g........#.
#..#......#.....g.............#.
#..#......#...................'.
#..#......#...................#.
#..#......#####'####+######'###.
#..####...............#.##g.####
##.....#...............#.gg......
.....>.#...............g..g÷.....


You could see a gnoll bouda and 5 gnolls.

Vanquished Creatures
  An iguana (D:4)
  Robin (D:2)
  4 adders
  A worm (D:2)
  2 dart slugs
  7 orcs
  5 endoplasms
  7 giant cockroaches
  20 goblins
  8 hobgoblins
  6 quokkas
  5 ball pythons
  3 bats (D:1)
  3 frilled lizards
  8 kobolds
  4 rats
85 creatures vanquished.

Notes
Turn   | Place    | Note
-------+----------+-------------------------------------------
     0 | D:1      | ragingrage the Merfolk Gladiator began the quest for the
                  | Orb.
     0 | D:1      | Reached XP level 1. HP: 16/16 MP: 1/1
    89 | D:1      | Reached skill level 4 in Long Blades
   324 | D:1      | Reached XP level 2. HP: 22/22 MP: 2/2
   562 | D:1      | Found Qimir's General Store.
   928 | D:2      | Reached XP level 3. HP: 13/27 MP: 1/3
  1083 | D:2      | Reached skill level 5 in Long Blades
  1167 | D:2      | Found Sephoemm's Magic Scroll Shop.
  1181 | D:2      | Bought a scroll of blinking for 82 gold pieces
  1750 | D:2      | Reached XP level 4. HP: 33/33 MP: 4/4
  1893 | D:2      | Reached skill level 6 in Long Blades
  1895 | D:2      | Noticed Robin
  1924 | D:2      | Killed Robin
  1990 | D:2      | Found a shimmering altar of Xom.
  2172 | D:3      | Found a radiant altar of Vehumet.
  2231 | D:3      | Found a broken altar of Ashenzari.
  2249 | D:3      | Found a faded altar of an unknown god.
  2373 | D:2      | Bought a scroll of fear for 44 gold pieces
  2447 | D:3      | Reached XP level 5. HP: 34/38 MP: 5/5
  2792 | D:3      | Found a bloodstained altar of Trog.
  2949 | D:4      | Found a blossoming altar of Fedhas.
  3120 | D:4      | Reached skill level 7 in Long Blades
  3492 | D:4      | Slain by a gnoll

Illustrated notes

Levels and vault maps discovered:
D:1:      kennysheep_arrival_seaside, layout_rooms, serial_shops,
          nicolae_shop_advertising_works [nicolae_subvault_shop_adworks],
          grunt_decor_fettered, minmay_statues_item
D:2:      layout_basic, basic_altar, serial_shops, nicolae_shop_statue_plus,
          uniq_robin
D:3:      layout_basic, trog_hazing_becter, mainiacjoe_overflow_catwalk,
          mainiacjoe_overflow_cross_hatched, ebering_ecumenical_altar_rust,
          hangedman_decor_points, nrook_campfire
D:4:      layout_gridville, fedhas_altar_4

Skill      XL: |  1  2  3  4  5 |
---------------+----------------+-----
Long Blades    | 4 5 6 7 |  7.4
Fighting       | |  2.1
Throwing       | |  2.0
Dodging        | |  4.0

Action                   |  1- 3 |  4- 6 || total
-------------------------+-------+-------++-------
Melee: Long sword        |   105 |   134 ||   239
       Punch             |     2 |     2 ||     4
Throw: Javelin           |       |     2 ||     2
  Use: Scroll            |       |     1 ||     1
       Potion            |       |     1 ||     1
Armor: Leather armour    |    21 |    31 ||    52
Dodge: Dodged            |    97 |   150 ||   247

Table legend: (Time is in decaauts)
 A = Elapsed time spent in this place.
 B = Non-inter-level travel time spent in this place.
 C = Inter-level travel time spent in this place.
 D = Time resting spent in this place.
 E = Time spent auto-exploring this place.
 F = Levels seen in this place.
 G = Mean time per level.
                   A        B        C        D        E       F      G
               +--------+--------+--------+--------+--------+-----+--------+
         Total |   3514 |   3297 |    217 |    505 |   2143 |   4 |  878.5 |
       Dungeon |   3514 |   3297 |    217 |    505 |   2143 |   4 |  878.5 |
               +--------+--------+--------+--------+--------+-----+--------+

Top non-repeatable levels by time:
     D:2: 1087 daAuts
     D:1: 1057 daAuts
     D:3: 746 daAuts
     D:4: 623 daAuts
